 Dungeon Crawl Stone Soup version 0.22-b1-21-g5cfc168 (webtiles) character file.

51981 wojtek the Blocker (level 14, -11/124 HPs)
             Began as a Minotaur Fighter on Aug 3, 2018.
             Was a High Priest of Makhleb.
             Mangled by a cyclops (26 damage)
             ... on level 13 of the Dungeon.
             The game lasted 00:34:10 (21010 turns).

wojtek the Blocker (Minotaur Fighter)              Turns: 21010, Time: 00:34:11

Health: -11/124    AC: 16    Str: 26    XL:     14   Next: 25%
Magic:  19/19      EV: 12    Int:  8    God:    Makhleb [*****.]
Gold:   1343       SH: 13    Dex: 13    Spells: 13/13 levels left

rFire    + . .     SeeInvis .   a - +0 demon whip (pain)
rCold    + . .     Gourm    +   c - +0 shield
rNeg     . . .     Faith    .   R - +0 plate armour
rPois    .         Spirit   .   (helmet restricted)
rElec    .         Reflect  .   S - scarf {rC+ rF+}
rCorr    .         Harm     .   L - +0 pair of gloves "Nokhleiri" {Int+3}
MR       +....                  (no boots)
Stlth    ..........             s - amulet of the gourmand
HPRegen  0.30/turn              j - ring of flight
MPRegen  0.16/turn              H - +3 ring of dexterity

@: no status effects
A: retaliatory headbutt, horns 2
a: Minor Destruction, Lesser Servant of Makhleb, Major Destruction, Greater
Servant of Makhleb, Renounce Religion, Evoke Flight


You were on level 13 of the Dungeon.
You worshipped Makhleb.
Makhleb was extremely pleased with you.
You were very full.

You visited 3 branches of the dungeon, and saw 20 of its levels.
You also visited: Ossuary.

You collected 1343 gold pieces.

Inventory:

Hand Weapons
 a - a +0 demon whip of pain (weapon)
 b - a +5 hand axe of freezing
 P - a +0 war axe
Missiles
 g - 2 javelins of penetration (quivered)
 M - a throwing net
Armour
 c - a +0 shield (worn)
 L - the +0 pair of gloves "Nokhleiri" (worn) {Int+3}
   (You found it on level 8 of the Dungeon)

   It affects your intelligence (+3).
 R - a +0 plate armour (worn)
 S - a scarf of resistance (worn)
Jewellery
 j - a ring of flight (left hand)
 o - an uncursed amulet of guardian spirit
 s - an amulet of the gourmand (around neck)
 y - an uncursed ring of poison resistance
 H - a +3 ring of dexterity (right hand)
 U - an uncursed ring of fire
Wands
 i - a wand of scattershot (5)
 n - a wand of iceblast (9)
 u - a wand of polymorph (9)
 v - a wand of disintegration (7)
 A - a wand of paralysis (57)
 N - a wand of acid (19)
 V - a wand of digging (24)
 Z - a wand of flame (3)
Scrolls
 h - a scroll of immolation {unknown}
 q - 4 scrolls of magic mapping
 B - a scroll of fog {unknown}
 C - 6 scrolls of teleportation
 E - 3 scrolls of fear
 F - 3 scrolls of remove curse
 Q - a scroll of vulnerability {unknown}
 W - a scroll of acquirement {unknown}
 Y - 2 scrolls of random uselessness {unknown}
Potions
 d - 5 potions of might
 e - 3 potions of berserk rage
 l - 10 potions of curing
 m - a potion of ambrosia {unknown}
 p - 5 potions of brilliance
 r - 5 potions of lignification
 t - a potion of invisibility {unknown}
 w - 3 potions of cancellation
 x - 13 potions of heal wounds
 z - 3 potions of flight {unknown}
 I - 2 potions of haste {unknown}
 J - 2 potions of degeneration {unknown}
 K - 2 potions of agility {unknown}
 T - 3 potions of mutation {unknown}
Comestibles
 f - 39 rations


   Skills:
 + Level 11.6 Fighting
 - Level 10.2(11.7) Axes
 * Level 9.7(11.5) Maces & Flails
 + Level 11.5 Armour
 + Level 10.2 Dodging
 + Level 11.7 Shields
 - Level 9.0 Invocations
 + Level 8.6 Evocations


You had 13 spell levels left.
You didn't know any spells.
Your spell library contained the following spells:

 Spells                   Type           Power        Failure   Level  Hunger
 Cause Fear               Hex            #.........   100%        4    #####..
 Slow                     Hex            #.......     100%        2    ###....
 Confuse                  Hex            #.......     100%        3    ####...
 Spider Form              Tmut/Pois      #.........   100%        3    ####...
 Blade Hands              Tmut           #.........   100%        5    ######.
 Ice Form                 Ice/Tmut       #.......     100%        4    #####..
 Confusing Touch          Hex            #.....       99%         1    ##.....
 Sticks to Snakes         Tmut           #.......     100%        2    ###....
 Metabolic Englaciation   Hex/Ice        #.........   100%        5    ######.
 Corona                   Hex            #......      99%         1    ##.....
 Portal Projectile        Hex/Tloc       #.....       100%        3    ####...
 Petrify                  Tmut/Erth      #.......     100%        4    #####..
 Leda's Liquefaction      Hex/Erth       #.........   100%        4    #####..
 Inner Flame              Hex/Fire       #.......     100%        3    ####...
 Beastly Appendage        Tmut           #.....       99%         1    ##.....
 Gell's Gravitas          Tloc           #.........   100%        3    ####...
 Yara's Violent Unravell  Hex/Tmut       #.........   100%        5    ######.


Dungeon Overview and Level Annotations

Branches:
Dungeon (13/15)            Temple (1/1) D:6            Lair (6/6) D:10
 Shoals (0/4) Lair:4       Spider (0/4) Lair:4        Slime (0/5) Lair:6
    Orc (0/2) D:12
 Vaults: D:13-14

Altars:
Ashenzari
Cheibriados
Dithmenos
Elyvilon
Fedhas
Gozag
Hepliaklqana
Kikubaaqudgha
Makhleb
Nemelex Xobeh
Okawaru
Qazlal
Ru
Sif Muna
Trog
Uskayaw
Vehumet
Wu Jian
Xom
Yredelemnul
Zin
The Shining One
Jiyva

Shops:
D:5 %   D:9 }   D:11 [

Annotations:
D:11 exclusion: downstairs
Lair:5 3 runed doors, wojtek's ghost, journeyman MiFi


Innate Abilities, Weirdness & Mutations

You reflexively headbutt those who attack you in melee.
You have a pair of horns on your head.


Message History

The cyclops is too close now for your liking.
The cyclops throws a large rock.
You block the large rock.
You see here a large rock.
An ogre comes into view. It is wielding a giant club.
The cyclops hits you!!
* * * LOW HITPOINT WARNING * * *
The ogre shouts!
You see here a scimitar of flaming.
You whack the cyclops!
The cyclops is heavily wounded.
You hit the cyclops but do no damage.
The cyclops is heavily wounded.
The cyclops hits you but does no damage.
You hit the cyclops but do no damage. You headbutt the cyclops!
The cyclops is severely wounded.
You hit the cyclops but do no damage.
You headbutt the cyclops, but do no damage.
The cyclops is severely wounded.
The cyclops hits you!!
You die...

#...
#.........#.#....##
...
+.........'.......#
#C.
#.........####...##
#.# #.......##
#..## #†# ##.....##
#.## #E# ##.O.##
#.# #R# ##'## #.#
#3# ########.## #.#
#.# #.....C@..# #.#
#.# #.######..####
#.# ##.## #.#
#....(...# #.#
#...###.#
#....(.#.####.#
#.......#
#.#...........#
#...#####
#.##.###.######
##### #.#### #.#
#.######.#
#........#


You could see a cyclops and an ogre.

Vanquished Creatures
  Azrael (D:13)
  Erolcha (D:10)
  A hydra (Lair:6)
  4 two-headed ogres
  An unseen horror (D:11)
  Pikel (D:4)
  An ugly thing (D:12)
  2 cyclopes (D:12)
  A centaur zombie (D:12)
  4 black mambas
  20 spiny frogs
  A kobold demonologist (D:11)
  2 rime drakes
  4 komodo dragons
  5 trolls
  A jumping spider (Lair:4)
  2 polar bears
  3 tyrant leeches (Lair:6)
  A hornet (D:11)
  31 blink frogs
  10 hippogriffs
  3 redbacks (Lair:4)
  A spriggan (D:9)
  A water elemental (D:12)
  2 wraiths
  3 wyverns
  5 fire elementals (D:13)
  3 hogs (D:12)
  40 yaks
  A steam dragon (D:11)
  6 vampire mosquitoes (Lair:6)
  A hungry ghost (D:9)
  A basilisk (Lair:6)
  2 insubstantial wisps (D:11)
  2 acid dragons
  2 hell hounds (D:13)
  8 water moccasins
  11 porcupines
  3 black bears
  7 orc warriors
  3 ice beasts
  4 sky beasts
  4 phantoms
  A slave (D:4)
  2 necrophages (D:9)
  6 ogres
  10 wolves
  8 centaurs
  12 crocodiles
  Blork the orc (D:5)
  5 big kobolds (D:11)
  18 bullfrogs
  2 wyvern skeletons (D:12)
  6 scorpions
  17 wights
  6 killer bees
  6 electric eels
  3 howler monkeys (D:9)
  A bullfrog zombie (D:12)
  8 crimson imps
  8 orc priests
  5 bullfrog skeletons
  8 hounds
  3 centaur skeletons
  2 jellies
  Crazy Yiuf (D:2)
  14 orc wizards
  Terence (D:3)
  An iguana (D:5)
  Ijyb (D:4)
  Natasha (thrice) (D:3)
  A worker ant (D:9)
  5 hell rats (Lair:6)
  A big kobold zombie (Ossuary)
  8 mummies (Ossuary)
  A worker ant zombie (D:6)
  3 gnolls (D:3)
  A howler monkey skeleton (D:11)
  10 adders
  4 shadow imps
  2 oozes
  An adder zombie (D:8)
  An adder skeleton (D:5)
  2 worms
  A dart slug (D:2)
  6 leopard geckos
  48 orcs
  4 giant cockroaches
  4 gnoll zombies (Ossuary)
  3 goblins
  2 hobgoblins (D:1)
  13 jackals
  A quokka (D:11)
  3 ball pythons
  3 bats
  2 frilled lizards
  2 hobgoblin zombies (Ossuary)
  12 kobolds
  A leopard gecko skeleton (D:5)
  An orc zombie (Ossuary)
  A quokka skeleton (D:9)
  A quokka zombie (D:6)
  4 rats
  2 plants
523 creatures vanquished.

Vanquished Creatures (collateral kills)
  Kirke (D:12)
  Fannar (D:12)
  A catoblepas (Lair:3)
  3 oklob plants (Lair:4)
  A black mamba (Lair:5)
  2 spiny frogs (Lair:6)
  A jumping spider (Lair:4)
  4 blink frogs
  A redback (Lair:4)
  A bullfrog (D:12)
  A hound (D:12)
  A worker ant (D:12)
  2 plants (Lair:4)
20 creatures vanquished.

Vanquished Creatures (others)
  2 yaks (Lair:6)
  A slave (D:4)
  A scorpion (D:4)
  A worker ant (D:4)
  An orc (D:4)
  3 fungi
  27 plants
36 creatures vanquished.

Grand Total: 579 creatures vanquished

Notes
Turn   | Place    | Note
-------+----------+-------------------------------------------
     0 | D:1      | wojtek the Minotaur Fighter began the quest for the Orb.
     0 | D:1      | Reached XP level 1. HP: 19/19 MP: 0/0
   544 | D:1      | Reached XP level 2. HP: 26/26 MP: 1/1
   820 | D:2      | Reached XP level 3. HP: 16/31 MP: 2/2
  1034 | D:2      | Reached skill level 5 in Axes
  1240 | D:2      | Found a sparkling altar of Nemelex Xobeh.
  1333 | D:2      | Found a snail-covered altar of Cheibriados.
  1342 | D:2      | Reached XP level 4. HP: 39/39 MP: 3/3
  1384 | D:2      | Found a runed door.
  1388 | D:2      | Noticed Crazy Yiuf
  1397 | D:2      | Killed Crazy Yiuf
  1751 | D:2      | Found a deep blue altar of Sif Muna.
  1963 | D:3      | Reached XP level 5. HP: 38/45 MP: 4/4
  2049 | D:3      | Noticed Natasha
  2052 | D:3      | Killed Natasha
  2061 | D:3      | Noticed Natasha
  2070 | D:3      | Killed Natasha
  2126 | D:3      | Noticed Terence
  2140 | D:3      | Killed Terence
  2324 | D:3      | Noticed Natasha
  2355 | D:3      | Killed Natasha
  2580 | D:4      | Noticed a slave
  2587 | D:4      | Noticed a slave
  2589 | D:4      | Noticed a slave
  2593 | D:4      | Noticed Pikel
  2595 | D:4      | Noticed a slave
  2596 | D:4      | Killed a slave
  2613 | D:4      | Paralysed by Pikel for 7 turns
  2620 | D:4      | Killed Pikel
  2620 | D:4      | Reached skill level 1 in Evocations
  2620 | D:4      | Reached XP level 6. HP: 10/53 MP: 4/6
  2620 | D:4      | Reached XP level 7. HP: 12/60 MP: 4/7
  3369 | D:4      | Noticed Ijyb
  3374 | D:4      | Killed Ijyb
  3707 | D:5      | Entered Level 5 of the Dungeon
  3719 | D:5      | Reached skill level 5 in Shields
  3719 | D:5      | Reached XP level 8. HP: 63/67 MP: 8/8
  3809 | D:5      | Reached skill level 5 in Fighting
  3809 | D:5      | Reached skill level 5 in Armour
  3980 | D:5      | Noticed Blork the orc
  3993 | D:5      | Killed Blork the orc
  4050 | D:5      | Found a shattered altar of Ashenzari.
  4156 | D:5      | Found Fus Sois's Food Boutique.
  4806 | D:6      | Found a staircase to the Ecumenical Temple.
  4949 | Temple   | Entered the Ecumenical Temple
  5123 | Temple   | Became a worshipper of Makhleb the Destroyer
  5312 | D:7      | Reached skill level 1 in Invocations
  5378 | D:7      | Reached XP level 9. HP: 66/75 MP: 10/10
  5478 | D:7      | Found a sand-covered staircase.
  5483 | Ossuary  | Entered an ossuary
  5780 | D:7      | Reached * piety under Makhleb
  5854 | D:7      | Found an iron altar of Okawaru.
  6570 | D:7      | Found an ancient bone altar of Kikubaaqudgha.
  6571 | D:7      | Found a blossoming altar of Fedhas.
  6995 | D:8      | Got a pair of warped gloves
  7001 | D:8      | Identified the cursed +0 pair of gloves "Nokhleiri" {Int+3} (You found it on level 8 of the Dungeon)
  7898 | D:8      | Reached skill level 5 in Dodging
  8212 | D:9      | Reached XP level 10. HP: 86/86 MP: 12/12
  8283 | D:9      | Found Reshra Qiecs's Gadget Shoppe.
  8426 | D:9      | Reached ** piety under Makhleb
  8439 | D:9      | Reached skill level 5 in Invocations
  8464 | D:9      | Reached skill level 10 in Axes
  8770 | D:9      | Reached skill level 5 in Evocations
  8990 | D:10     | Entered Level 10 of the Dungeon
  9141 | D:10     | Found a staircase to the Lair.
  9393 | D:10     | Noticed a two-headed ogre
  9406 | D:10     | Killed a two-headed ogre
  9595 | D:10     | Reached XP level 11. HP: 93/94 MP: 14/14
  9889 | D:10     | Noticed Erolcha
  9899 | D:10     | Killed Erolcha
 10007 | D:11     | Reached *** piety under Makhleb
 10050 | D:11     | Found Noshrahaf's Armour Emporium.
 10208 | D:11     | Killed an unseen horror
 10931 | D:11     | Noticed a two-headed ogre
 10938 | D:11     | Killed a two-headed ogre
 11185 | D:11     | Reached **** piety under Makhleb
 11374 | Lair:1   | Entered Level 1 of the Lair of Beasts
 11443 | Lair:1   | Reached XP level 12. HP: 104/104 MP: 17/17
 13064 | Lair:3   | Reached skill level 1 in Maces & Flails
 13121 | Lair:3   | Reached ***** piety under Makhleb
 13389 | Lair:3   | Reached skill level 10 in Shields
 13579 | Lair:3   | Found a sparkling altar of Nemelex Xobeh.
 13684 | Lair:3   | Reached skill level 10 in Fighting
 13694 | Lair:3   | Noticed a catoblepas
 13756 | Lair:3   | Killed a catoblepas
 13786 | Lair:3   | Reached skill level 10 in Armour
 14653 | Lair:4   | Found a staircase to the Shoals.
 14778 | Lair:4   | Reached skill level 5 in Maces & Flails
 14835 | Lair:4   | Found a hole to the Spider Nest.
 14860 | Lair:4   | HP: 1/107 [poisoned by a redback]
 14868 | Lair:4   | Reached XP level 13. HP: 8/114 MP: 12/18
 15652 | Lair:4   | Found a glowing silver altar of Zin.
 15977 | Lair:5   | Found a runed gate.
 15977 | Lair:5   | Found a runed gate.
 15977 | Lair:5   | Found a runed gate.
 16727 | Lair:5   | Noticed wojtek's ghost (journeyman MiFi)
 16941 | Lair:6   | Entered Level 6 of the Lair of Beasts
 17749 | Lair:6   | Found a snail-covered altar of Cheibriados.
 18384 | Lair:6   | Found a viscous altar of Jiyva.
 18384 | Lair:6   | Found a staircase to the Slime Pits.
 18876 | D:12     | Reached skill level 10 in Dodging
 18881 | D:12     | Reached XP level 14. HP: 101/124 MP: 19/19
 18983 | D:12     | Noticed Fannar
 19030 | D:12     | Killed Fannar
 19362 | D:12     | Noticed Kirke
 19407 | D:12     | Killed Kirke
 20364 | D:12     | Found a staircase to the Orcish Mines.
 20869 | D:13     | Noticed Azrael
 20988 | D:13     | Killed Azrael
 21010 | D:13     | Mangled by a cyclops

Skill      XL: |  1  2  3  4  5  6  7  8  9 10 11 12 13 14 |
---------------+-------------------------------------------+-----
Axes           | 3 4 5 6 8 9 10 | 10.2
Fighting       | 4 6 7 8 9 10 11 | 11.6
Armour         | 4 5 6 7 9 10 11 | 11.5
Dodging        | 2 4 5 6 7 8 10 | 10.2
Shields        | 4 5 6 7 8 9 10 11 | 11.7
Evocations     | 1 2 3 4 5 6 7 8 |  8.6
Invocations    | 1 4 6 8 9 |  9.0
Maces & Flails | 5 8 9 |  9.7

Action                   |  1- 3 |  4- 6 |  7- 9 | 10-12 | 13-15 || total
-------------------------+-------+-------+-------+-------+-------++-------
Melee: War axe           |    59 |    97 |   321 |       |       ||   477
       Headbutt          |     7 |    17 |    78 |   170 |   213 ||   485
       Unarmed           |       |    11 |       |       |     2 ||    13
       Hand axe          |       |       |    26 |   400 |       ||   426
       Demon whip        |       |       |       |   406 |   836 ||  1242
Invok: Lesser Servant of |       |       |       |     4 |    22 ||    26
 Abil: Evoke Flight      |       |       |       |       |     1 ||     1
Evoke: Wand              |       |       |     8 |       |    13 ||    21
  Use: Scroll            |       |       |     8 |     1 |     7 ||    16
       Potion            |       |       |       |     1 |       ||     1
 Stab: Distracted        |       |       |       |       |     2 ||     2
  Eat: Chunk             |     1 |     4 |    19 |    23 |    32 ||    79
Armor: Scale mail        |     9 |       |       |       |       ||     9
       Chain mail        |    26 |    56 |   134 |     5 |       ||   221
       Plate armour      |       |       |       |   332 |   217 ||   549
Dodge: Dodged            |    11 |    22 |    90 |   258 |   215 ||   596
Block: Shield            |    26 |    45 |   158 |   506 |   389 ||  1124
